 Dungeon Crawl Stone Soup version 0.29.1-13-g9f3cf754e1 (webtiles) character file.

Game seed: 13427963054565190342

9 Thatpatchoflichen the Chopper (level 2, 0/25 HPs)
             Began as a Hill Orc Gladiator on Jan 29, 2023.
             Slain by a hobgoblin (1 damage)
             ... on level 1 of the Dungeon.
             The game lasted 00:01:23 (184 turns).

Thatpatchoflichen the Chopper (Hill Orc Gladiator)   Turns: 184, Time: 00:01:23

Health: 0/25       AC:  4    Str: 16    XL:     2   Next: 12%
Magic:  2/2        EV: 12    Int:  8    God:
Gold:   8          SH:  0    Dex: 12    Spells: 1/1 levels left

rFire   . . .      SeeInvis .   a - +0 war axe
rCold   . . .      Faith    .   (no shield)
rNeg    . . .      Spirit   .   b - +0 leather armour
rPois   .          Reflect  .   h - +0 helmet
rElec   .          Harm     .   (no cloak)
rCorr   .          Rampage  .   (no gloves)
Will    .....                   (no boots)
Stlth   +.........              (no amulet)
HPRegen 0.08/turn               (no ring)
MPRegen 0.08/turn               (no ring)

@: no status effects
A: no striking features
a: no special abilities


You were on level 1 of the Dungeon.
You visited 1 branch of the dungeon, and saw 1 of its levels.

You collected 8 gold pieces.

Inventory:

Hand Weapons
 a - a +0 war axe (weapon)
Missiles
 d - 3 throwing nets (quivered)
 e - a javelin
Armour
 b - a +0 leather armour (worn)
 c - a +0 helmet
 h - a +0 helmet (worn)
Scrolls
 i - a scroll of summoning {unknown}
Potions
 f - a potion of mutation {unknown}
 g - a potion of curing {unknown}


   Skills:
 + Level 2.8 Fighting
 + Level 4.2 Axes
 - Level 1.7 Throwing
 + Level 1.0 Armour
 - Level 2.4 Dodging


You had one spell level left.
You didn't know any spells.
Your spell library was empty.

Dungeon Overview and Level Annotations

Branches:
Dungeon (1/15)

Altars:


Message History

A goblin comes into view. It is wielding a +0 club.
The endoplasm quivers.
The goblin shouts!
You hear a shout!
The endoplasm freezes you.
You are frozen.
You hit the endoplasm.
You kill the endoplasm!
A hobgoblin comes into view.
You have reached level 2!
Found 9 gold pieces.
The goblin closely misses you.
You barely miss the goblin. The goblin hits you with a +0 club.
You closely miss the goblin. The goblin hits you with a +0 club.
The hobgoblin closely misses you. The goblin hits you with a +0 club.
You closely miss the goblin. You hit the hobgoblin but do no damage.
The goblin hits you with a +0 club. The hobgoblin hits you.
* * * LOW HITPOINT WARNING * * *
You barely miss the goblin. You hit the hobgoblin.
A ball python comes into view.
The goblin hits you with a +0 club.
* * * LOW HITPOINT WARNING * * *
The hobgoblin hits you but does no damage.
You closely miss the goblin. You barely miss the hobgoblin.
The goblin misses you. The hobgoblin barely misses you.
The goblin closely misses you.
The hobgoblin hits you but does no damage.
The hobgoblin attacks as you move away! The hobgoblin hits you.
* * * LOW HITPOINT WARNING * * *
The goblin attacks as you move away! The goblin closely misses you.
You hit the goblin.
The goblin is severely wounded.
The goblin hits you with a +0 club.
* * * LOW HITPOINT WARNING * * *
You slash the goblin!
You kill the goblin!
Your Armour skill increases to level 1!
The ball python hisses angrily.
You hit the hobgoblin but do no damage.
The hobgoblin is moderately wounded.
The hobgoblin barely misses you. The hobgoblin hits you.
You die...

#......# #†#.#####
#......# #.#.# #......#
#.#.#
#......########.#.#
#S.....#..........#
#......#.######.###
#......#.##...#.#
######g#....#.#.#######
.######@######.#......).
..........# #.#########
#######.#.# #.#
#.#.####.# #.#......#
#.######## #.# ..# ###


You could see a hobgoblin.

Vanquished Creatures
  2 endoplasms (D:1)
  A goblin (D:1)
  A hobgoblin (D:1)
  A ball python (D:1)
  2 bats (D:1)
  A frilled lizard (D:1)
8 creatures vanquished.

Notes
Turn   | Place    | Note
-------+----------+-------------------------------------------
     0 | D:1      | Thatpatchoflichen the Hill Orc Gladiator began the quest
                  | for the Orb.
     0 | D:1      | Reached XP level 1. HP: 18/18 MP: 1/1
   171 | D:1      | Reached XP level 2. HP: 20/25 MP: 2/2
   182 | D:1      | HP: 1/25 [goblin/+0 club (2)]
   184 | D:1      | Reached skill level 1 in Armour
   184 | D:1      | Slain by a hobgoblin

Illustrated notes

Levels and vault maps discovered:
D:1:      amcnicky_arrival_flooded_fountain, layout_basic,
          shapermc_ecumenical_altar_pompeii

Skill      XL: |  1  2 |
---------------+-------+-----
Armour         | 1 |  1.0
Fighting       | |  2.8
Axes           | |  4.2
Throwing       | |  1.7
Dodging        | |  2.4

Action                   || total
-------------------------++-------
Melee: War axe           ||    17
Armor: Leather armour    ||     3
Dodge: Dodged            ||    11
